 Dungeon Crawl Stone Soup version 0.29.1-2-gbd0b4ee654 (webtiles) character file.

Game seed: 2908671285555529150

443 ElMinstaer the Cudgeller (level 6, -1/57 HPs)
             Began as a Minotaur Berserker on Nov 19, 2022.
             Was a Priest of Trog.
             Slain by a gnoll sergeant
             ... wielding the +2 spear "Feloah" {pain, rF+ rC+}
              (5 damage)
             ... on level 3 of the Dungeon.
             The game lasted 00:15:49 (2017 turns).

ElMinstaer the Cudgeller (Minotaur Berserker)       Turns: 2017, Time: 00:15:50

Health: -1/57      AC: 13    Str: 23    XL:     6   Next: 71%
Magic:  5/5        EV: 12    Int:  4    God:    Trog [***...]
Gold:   141        SH:  3    Dex: 10    Spells: 5/5 levels left

rFire   . . .      SeeInvis .   a - +0 mace
rCold   . . .      Faith    +   j - +0 buckler
rNeg    . . .      Spirit   .   q - +0 chain mail
rPois   .          Reflect  .   (helmet restricted)
rElec   .          Harm     .   p - +0 cloak
rCorr   .          Rampage  .   (no gloves)
Will    .....                   (no boots)
Stlth   ..........              l - amulet of faith
HPRegen 0.19/turn               f - +4 ring of protection
MPRegen 0.09/turn               m - +4 ring of evasion

@: on berserk cooldown, slowed, very slow
A: horns 2, retaliatory headbutt
a: Renounce Religion, Berserk, Trog's Hand


You were on level 3 of the Dungeon.
You worshipped Trog.
Trog was most pleased with you.
You visited 1 branch of the dungeon, and saw 3 of its levels.

You collected 141 gold pieces.

Inventory:

Hand Weapons
 a - a +0 mace (weapon)
 h - a +0 vampiric whip
 s - a +2 antimagic hand axe
Missiles
 c - 14 boomerangs (quivered)
 n - 20 stones
Armour
 j - a +0 buckler (worn)
 p - a +0 cloak (worn)
 q - a +0 chain mail (worn)
Jewellery
 f - a +4 ring of protection (left hand)
 l - an amulet of faith (around neck)
 m - a +4 ring of evasion (right hand)
Wands
 t - a wand of charming (6)
Scrolls
 d - a scroll of summoning {unknown}
 e - a scroll of silence {unknown}
 g - 4 scrolls of identify {unknown}
 k - a scroll of brand weapon {unknown}
 r - a scroll of immolation {unknown}
Potions
 i - a potion of mutation {unknown}
 o - a potion of lignification {unknown}


   Skills:
 + Level 6.1 Fighting
 + Level 7.8 Maces & Flails
 - Level 2.4 Armour
 - Level 2.1 Dodging


You had 5 spell levels left.
You didn't know any spells.
Your spell library was empty.

Dungeon Overview and Level Annotations

Branches:
Dungeon (3/15)

Altars:
Qazlal

Annotations:
D:3 1 transporter


Innate Abilities, Weirdness & Mutations

You have a pair of horns on your head.
You reflexively headbutt those who attack you in melee.


Message History

Garym's ghost is severely damaged.
You are no longer berserk.
You are exhausted.
You feel yourself slow down.
The gnoll hits you from afar with a +0 spear.
You block the gnoll sergeant's attack.
You thump Garym's ghost!
Garym's ghost is almost destroyed.
Garym's ghost barely misses you. The gnoll barely misses you.
The gnoll sergeant misses you. Garym's ghost misses you.
You furiously retaliate!
You headbutt Garym's ghost!
You destroy Garym's ghost!
Trog accepts your kill. The gnoll barely misses you.
Your Fighting skill increases to level 6!
It was a potion of berserk rage.
You're still recovering from your berserk rage.
The gnoll sergeant is no longer moving quickly.
The gnoll sergeant hits you from afar with the +2 spear "Feloah" {pain, rF+ rC+}.
* * * LOW HITPOINT WARNING * * *
You writhe in agony.
* * * LOW HITPOINT WARNING * * *
The gnoll closely misses you.
The gnoll sergeant hits you but does no damage.
The gnoll sergeant hits you with the +2 spear "Feloah" {pain, rF+ rC+}.
* * * LOW HITPOINT WARNING * * *
You block the gnoll's attack.
Things that are here:
a +2 spear of electrocution; a throwing net; a gnoll corpse You hit the gnoll sergeant.
The gnoll sergeant is lightly wounded.
The gnoll sergeant hits you but does no damage.
You writhe in agony.
* * * LOW HITPOINT WARNING * * *
The gnoll barely misses you.
The gnoll sergeant hits you with the +2 spear "Feloah" {pain, rF+ rC+}.
* * * LOW HITPOINT WARNING * * *
The gnoll sergeant blocks your attack. The gnoll hits you but does no damage.
The gnoll sergeant hits you with the +2 spear "Feloah" {pain, rF+ rC+}.
You die...

###...≈≈≈≈≈≈≈≈~≈≈≈≈≈≈≈≈..#
####.....≈≈≈≈≈≈≈≈~≈≈≈≈≈≈≈≈).#
###........≈≈####.....####≈≈..#
..#........≈≈#..#8###8#..#≈≈..#
..#......#.≈≈##.###.###.##≈≈..#
..)....>.#.≈≈#...........#≈≈..#
..#......#.≈≈###.##'##.###≈≈..#
..#......#.≈≈..#g#...#.#..≈≈..#
..#......#.≈≈.##@#...#.##.≈≈..#
........##.≈≈.#.)#.:.#..#.≈≈..#
#######)##.≈≈.##g#####.##.≈≈..#
.# #.##.≈≈..#g#8⌠8#.#......# .#
#.##.~~.©#g'.©.'g#©.....# .#
#.##.≈≈..#.#...#.#......#
.######.##.≈≈.##.##.##.##.≈≈..#
.##......#.≈≈.#©.#...#gg#.≈≈..#
.##......#.≈≈.##.'...'.##.≈≈..#


You could see a gnoll sergeant and 3 gnolls.

Vanquished Creatures
  The ghost of Garym the Trooper, an amateur MiBe of Trog (D:3)
  A phantom (D:3)
  A gnoll bouda (D:3)
  Natasha (thrice) (D:3)
  4 gnolls (D:3)
  2 adders
  A worm (D:2)
  A dart slug (D:1)
  3 orcs (D:3)
  3 endoplasms
  3 giant cockroaches
  11 goblins
  6 hobgoblins
  6 jackals
  6 kobolds
  3 ball pythons
  2 bats
  A frilled lizard (D:1)
  5 rats
63 creatures vanquished.

Vanquished Creatures (others)
  8 plants
8 creatures vanquished.

Grand Total: 71 creatures vanquished

Notes
Turn   | Place    | Note
-------+----------+-------------------------------------------
     0 | D:1      | ElMinstaer the Minotaur Berserker began the quest for the
                  | Orb.
     0 | D:1      | Reached XP level 1. HP: 19/19 MP: 0/0
   305 | D:1      | Reached skill level 4 in Maces & Flails
   313 | D:1      | Reached XP level 2. HP: 27/27 MP: 1/1
   913 | D:1      | Found a faded altar of an unknown god.
   967 | D:1      | Reached ** piety under Trog
   990 | D:2      | Reached XP level 3. HP: 34/34 MP: 2/2
  1431 | D:3      | Identified the +2 spear "Feloah" {pain, rF+ rC+}
  1431 | D:3      | Noticed a gnoll sergeant
  1447 | D:3      | Reached skill level 5 in Maces & Flails
  1496 | D:3      | Found a transporter.
  1559 | D:3      | Noticed Natasha
  1567 | D:3      | Killed Natasha
  1568 | D:3      | Reached XP level 4. HP: 41/41 MP: 3/3
  1642 | D:3      | Reached skill level 5 in Fighting
  1646 | D:3      | Noticed a phantom
  1648 | D:3      | Noticed Natasha
  1662 | D:3      | Killed a phantom
  1663 | D:3      | Reached skill level 6 in Maces & Flails
  1663 | D:3      | Reached XP level 5. HP: 48/48 MP: 4/4
  1667 | D:3      | Killed Natasha
  1745 | D:3      | Reached *** piety under Trog
  1768 | D:3      | Found a stormy altar of Qazlal.
  1769 | D:3      | Noticed a fire elemental
  1770 | D:3      | Noticed an air elemental
  1770 | D:3      | Noticed a water elemental
  1820 | D:3      | Noticed Natasha
  1823 | D:3      | Killed Natasha
  1967 | D:3      | Found a transporter.
  1988 | D:3      | Noticed Garym's ghost (amateur MiBe)
  1999 | D:3      | Reached XP level 6. HP: 55/57 MP: 5/5
  2001 | D:3      | Reached skill level 7 in Maces & Flails
  2013 | D:3      | Killed Garym's ghost
  2017 | D:3      | Slain by a gnoll sergeant

Illustrated notes

Levels and vault maps discovered:
D:1:      doesnt_arrival_eight_statues, layout_loops_corners,
          shapermc_ecumenical_altar_mp_urbaneastern
D:2:      layout_rooms
D:3:      layout_basic, nicolae_qazlal_style_of_elements,
          gammafunk_ghost_gnarly_gnolls, chequers_serial_rivers_room_a,
          uniq_natasha

Skill      XL: |  1  2  3  4  5  6 |
---------------+-------------------+-----
Fighting       | 4 5 6 |  6.1
Maces & Flails | 4 5 6 7 |  7.8
Armour         | |  2.4
Dodging        | |  2.1

Action                   |  1- 3 |  4- 6 || total
-------------------------+-------+-------++-------
Melee: Mace              |    79 |    52 ||   131
       Whip              |    19 |       ||    19
       Headbutt          |    10 |     7 ||    17
Throw: Boomerang         |     1 |     1 ||     2
Invok: Berserk           |     1 |     1 ||     2
       Trog's Hand       |       |     1 ||     1
  Use: Potion            |       |     1 ||     1
Armor: Leather armour    |    23 |       ||    23
       Chain mail        |     5 |    23 ||    28
Dodge: Dodged            |    59 |    38 ||    97
Block: Buckler           |     7 |     8 ||    15
